 Dungeon Crawl Stone Soup version 0.30-a0-374-g95c0257040 (webtiles) character file.

Game seed: 13811670516615447371

19656 pokeman the Eclecticist (level 12, -10/68 HPs)
             Began as a Deep Elf Hedge Wizard on Nov 26, 2022.
             Was a Believer of Vehumet.
             Collided with a briar patch (22 damage)
             ... caused by a swamp worm
             ... on level 12 of the Dungeon.
             The game lasted 00:43:03 (15528 turns).

pokeman the Eclecticist (Deep Elf Hedge Wizard)    Turns: 15528, Time: 00:43:05

Health: -10/68     AC: 13    Str:  7    XL:     12   Next: 38%
Magic:  31/36      EV: 12    Int: 25    God:    Vehumet [**....]
Gold:   1076       SH:  5    Dex: 20    Spells: 33/47 levels left

rFire   . . .      SeeInvis .    w - +7 hammer of the Equinox {elec, rC++}
rCold   + + .      Faith    .    (no shield)
rNeg    . . .      Spirit   .    l - +0 acid dragon scales
rPois   .          Reflect  +    o - +2 helmet
rElec   .          Harm     .    v - +1 cloak {Will+}
rCorr   +          Rampage  .    (no gloves)
Will    +++..                    (no boots)
Stlth   ++........               m - amulet of reflection
HPRegen 0.31/turn                g - +6 ring of dexterity
MPRegen 0.25/turn                B - ring of willpower

@: very slightly contaminated
A: no striking features
a: Renounce Religion


You were on level 12 of the Dungeon.
You worshipped Vehumet.
Vehumet was pleased with you.
You visited 2 branches of the dungeon, and saw 13 of its levels.
You also visited: Ossuary.

You collected 1716 gold pieces.
You spent 640 gold pieces at shops.

Inventory:

Hand Weapons
 u - a +3 quarterstaff of chaos
 w - the +7 hammer of the Equinox (weapon) {elec, rC++}
   (You found it on level 4 of the Dungeon)

   It occasionally discharges a powerful burst of electricity upon striking a
   foe.
   rC:        It greatly protects you from cold.
Missiles
 G - a curare-tipped dart
Armour
 h - the +1 leather armour "Parulele" {*Slow +Inv rElec rCorr}
   (You found it on level 11 of the Dungeon)

   rElec:     It insulates you from electricity.
   +Inv:      It lets you turn invisible.
   rCorr:     It protects you from acid and corrosion.
   *Slow:     It may slow you when you take damage.
 l - +0 acid dragon scales (worn)
 o - a +2 helmet (worn)
 v - a +1 cloak of willpower (worn)
 T - a scarf of shadows
 V - a +0 troll leather armour
Magical Staves
 J - a staff of earth
 R - a staff of conjuration
Jewellery
 f - an amulet of the acrobat
 g - a +6 ring of dexterity (left hand)
 m - an amulet of reflection (around neck)
 B - a ring of willpower (right hand)
 N - a +6 ring of strength
 P - a ring of ice
 U - a ring of positive energy
Wands
 q - a wand of polymorph (17)
 A - a wand of flame (37)
 I - a wand of charming (6)
 K - a wand of light (8)
 O - a wand of mindburst (15)
 S - a wand of iceblast (12)
 Z - a wand of digging (4)
Scrolls
 b - 3 scrolls of enchant armour
 c - 6 scrolls of poison
 e - 18 scrolls of teleportation
 j - 2 scrolls of blinking
 p - 5 scrolls of amnesia
 t - 2 scrolls of brand weapon
 x - 2 scrolls of butterflies
 y - 2 scrolls of immolation
 H - 2 scrolls of enchant weapon
 L - 2 scrolls of vulnerability
 M - 3 scrolls of magic mapping
 X - a scroll of summoning
 Y - 2 scrolls of silence
Potions
 a - 5 potions of heal wounds
 d - 4 potions of magic
 i - 4 potions of curing
 k - 4 potions of brilliance
 n - 2 potions of ambrosia
 r - 3 potions of resistance
 s - 2 potions of flight
 z - 4 potions of attraction
 C - 2 potions of lignification
 D - 3 potions of might
 E - 2 potions of cancellation
 W - a potion of invisibility
Miscellaneous
 Q - a phial of floods


   Skills:
 + Level 5.5 Fighting
 - Level 6.0 Armour
 - Level 3.0 Dodging
 - Level 3.0 Stealth
 * Level 18.3 Spellcasting
 + Level 10.9 Conjurations
 - Level 1.1 Summonings
 - Level 1.1 Translocations
 + Level 5.2 Fire Magic
 - Level 1.0 Air Magic
 - Level 1.0 Earth Magic
 - Level 1.0 Poison Magic
 - Level 1.0 Evocations


You had 33 spell levels left.
You knew the following spells:

 Your Spells              Type           Power      Damage    Failure   Level
a - Magic Dart            Conj           100%       1d8       1%          1
b - Mephitic Cloud        Conj/Pois/Air  44%        N/A       1%          3
c - Call Imp              Summ           28%        N/A       3%          2
d - Blink                 Tloc           56%        N/A       3%          2
e - Foxfire               Conj/Fire      100%       2x1d9     1%          1
f - Fireball              Conj/Fire      29%        3d13      3%          5

Your spell library contained the following spells:

 Spells                   Type           Power      Damage    Failure   Level
 Dazzling Flash           Conj/Hex       100%       N/A       1%          3
 Momentum Strike          Conj/Tloc      100%       3d10      1%          2
 Slow                     Hex            88%        N/A       3%          1
 Sting                    Tmut/Pois      100%       1d8       3%          1
 Poisonous Vapours        Pois/Air       56%        N/A       3%          2
 Cigotuvi's Dreadful Rot  Necr/Pois/Air  52%        N/A       4%          2
 Lesser Beckoning         Tloc           56%        N/A       7%          3
 Lightning Bolt           Conj/Air       26%        1d42      9%          5
 Confusing Touch          Hex            22%        N/A       11%         3
 Vampiric Draining        Necr           22%        2d7       11%         3
 Starburst                Conj/Fire      29%        6d9       21%         6
 Passage of Golubria      Tloc           28%        N/A       22%         4
 Airstrike                Air            13%        2d(2-18)  24%         4
 Olgreb's Toxic Radiance  Pois           28%        N/A       24%         4
 Summon Lightning Spire   Summ/Air       28%        N/A       24%         4
 Anguish                  Hex/Necr       11%        N/A       34%         4
 Silence                  Hex/Air        12%        N/A       63%         5
 Enfeeble                 Hex            11%        N/A       100%        7
 Lehudib's Crystal Spear  Conj/Erth      26%        10d7      100%        8


Dungeon Overview and Level Annotations

Branches:
Dungeon (12/15)            Temple (1/1) D:7            Lair (0/5) D:11
    Orc (0/2) D:9         Ossuary (visited)

Altars:
Ashenzari
Dithmenos
Fedhas
Gozag
Makhleb
Nemelex Xobeh
Okawaru
Qazlal
Ru
Vehumet
Xom
The Shining One
Lugonu

Shops:
D:4 ?   D:7 [   D:9 *   D:11 ?   D:12 !

Portals:
Abyss: D:7
Trove: D:11 (give 7 scrolls of butterflies)

Annotations:
D:12 1 transporter


Message History

The swamp worm fires a harpoon shot at you.
The harpoon shot hits you.
You are yanked forward by the harpoon shot.
You collide with the briar patch!
The briar patch is destroyed!
The swamp worm fires a harpoon shot at you.
The harpoon shot misses you.
The swamp worm fires a harpoon shot at you.
The harpoon shot hits you!!
You are yanked forward by the harpoon shot.
You violently stop moving!
Casting: Fireball (dangerous; 3% risk of failure)
Confirm with . or Enter, or press ? or * to list all spells.
Aiming: Fireball (dangerous; 3% risk of failure)
Press: ? - help, Shift-Dir - straight line You miscast Fireball.
You are very lightly contaminated with residual magic.
Nothing appears to happen.
The swamp worm fires a harpoon shot at you.
The harpoon shot hits you.
You are yanked forward by the harpoon shot.
You violently stop moving!
The swamp worm fires a harpoon shot at you.
The harpoon shot hits you!
* * * LOW HITPOINT WARNING * * *
You are yanked forward by the harpoon shot.
You collide with the briar patch!
The briar patch is severely damaged.
* * * LOW HITPOINT WARNING * * *
You become entangled in the net!
Unknown command.
Unknown command.
You feel much better.
The swamp worm fires a harpoon shot at you.
The harpoon shot hits you!
* * * LOW HITPOINT WARNING * * *
You are yanked forward by the harpoon shot.
You collide with the briar patch!
The briar patch is severely damaged.
You die...

# #....#.....#....#...........# #
#....#.....#....####'###....#
#####....#.....#...........#....#
.........'.................#...##
.........##########........######
..........#w#w#w#w#.............#
.....#.####≈≈§#§≈≈##............#
.....#.#= #PPP§PPPP#.######.....#
.....#©#©?+☼^^^^@^©#§# #.....#
.....#.#[)#PP☼PPP.P#.# #.....#
.....#.####≈≈#≈≈≈≈##.# #.....#
..........##w#w#w##..# #....†.
..........#########.## #.....#
....................# #..#...
....................# ####...
......[.............# ###..
.....####...........# #.##.


You could see 7 swamp worms.

Vanquished Creatures
  6 two-headed ogres
  A tengu warrior (D:9)
  Pikel (D:4)
  An ugly thing (D:11)
  2 cyclopes (D:11)
  A manticore (D:12)
  A gargoyle (D:12)
  A komodo dragon (D:11)
  A tengu conjurer (D:12)
  5 trolls
  5 slime creatures (D:12)
  Prince Ribbit (D:5)
  A vampire (D:11)
  A shadow (D:12)
  2 wyverns
  14 yaks
  3 wraiths
  2 steam dragons
  6 vampire mosquitoes
  2 wargs (D:11)
  A water moccasin (D:9)
  An acid dragon (D:12)
  11 orc warriors
  Duvessa (D:4)
  2 sky beasts
  A black bear (D:6)
  An ice beast (D:5)
  4 ogres
  5 centaurs
  3 lemures (D:4)
  5 kobold brigands
  Blork the orc (D:4)
  A bullfrog (D:6)
  A necrophage (D:6)
  8 scorpions
  14 wights
  Dowan (D:4)
  7 killer bees
  5 howler monkeys
  2 centaur zombies (Ossuary)
  4 electric eels
  3 gnoll boudas
  6 hounds
  3 human zombies (Ossuary)
  6 orc priests
  Natasha (thrice) (D:3)
  3 iguanas
  7 scorpion zombies (Ossuary)
  6 orc wizards (D:11)
  Ijyb (D:3)
  3 mummies (Ossuary)
  Robin (D:3)
  20 gnolls
  6 adders
  2 shadow imps
  3 white imps
  An ufetubus (D:5)
  2 dart slugs (D:1)
  22 orcs
  8 endoplasms
  2 giant cockroaches
  3 gnoll zombies (Ossuary)
  18 hobgoblins
  11 kobolds
  6 quokkas
  12 ball pythons
  11 bats
  5 frilled lizards
  17 goblins
  A goblin zombie (Ossuary)
  4 hobgoblin zombies (Ossuary)
  2 kobold zombies (Ossuary)
  9 rats
343 creatures vanquished.

Vanquished Creatures (collateral kills)
  A sky beast (D:8)
  A wight (D:9)
2 creatures vanquished.

Vanquished Creatures (others)
  A briar patch (D:12)
  97 foxfires
  2 lurking horrors (D:7)
  19 plants (D:6)
119 creatures vanquished.

Grand Total: 464 creatures vanquished

Notes
Turn   | Place    | Note
-------+----------+-------------------------------------------
     0 | D:1      | pokeman the Deep Elf Hedge Wizard began the quest for the
                  | Orb.
     0 | D:1      | Reached XP level 1. HP: 10/10 MP: 7/7
   216 | D:1      | Reached XP level 2. HP: 6/15 MP: 1/9
   491 | D:1      | Reached skill level 5 in Spellcasting
   638 | D:1      | Reached XP level 3. HP: 17/20 MP: 7/11
   642 | D:1      | Learned a level 3 spell: Mephitic Cloud
   645 | D:1      | Learned a level 2 spell: Call Imp
   648 | D:1      | Learned a level 2 spell: Blink
  1102 | D:1      | Reached skill level 1 in Armour
  1190 | D:1      | Reached skill level 1 in Fighting
  1908 | D:2      | Reached XP level 4. HP: 25/25 MP: 11/13
  2309 | D:2      | Reached skill level 1 in Poison Magic
  3226 | D:3      | Reached skill level 6 in Spellcasting
  3226 | D:3      | Reached XP level 5. HP: 29/29 MP: 10/15
  3294 | D:3      | Noticed Ijyb
  3300 | D:3      | Noticed Robin
  3312 | D:3      | Killed Ijyb
  3314 | D:3      | Killed Robin
  3317 | D:3      | Reached skill level 1 in Air Magic
  3718 | D:3      | Noticed Natasha
  3726 | D:3      | Killed Natasha
  3810 | D:3      | Noticed Natasha
  3816 | D:3      | Killed Natasha
  3887 | D:3      | Found a shadowy altar of Dithmenos.
  3974 | D:3      | Noticed Natasha
  3985 | D:3      | Killed Natasha
  3986 | D:3      | Reached skill level 1 in Evocations
  3986 | D:3      | Reached XP level 6. HP: 32/34 MP: 13/17
  4131 | D:4      | Found a runed translucent door.
  4132 | D:4      | Noticed Crazy Yiuf
  4152 | D:4      | Crazy Yiuf changed into Crazy Yiuf the hound
  4152 | D:4      | Noticed Crazy Yiuf
  4156 | D:4      | Killed Crazy Yiuf the hound
  4232 | D:4      | Identified the +7 hammer of the Equinox {elec, rC++}
  4234 | D:4      | Identified the +3 hammer of the Winnowing Big Fish
                  | {distort, rCorr Int+2 Dex-3}
  4302 | D:4      | Found Igaobe Oqom's Magic Scroll Boutique.
  4310 | D:4      | Bought a scroll of blinking for 90 gold pieces
  4310 | D:4      | Bought 2 scrolls of identify for 48 gold pieces
  4331 | D:4      | Noticed Duvessa
  4332 | D:4      | Noticed Dowan
  4338 | D:4      | Killed Dowan
  4339 | D:4      | Reached skill level 7 in Spellcasting
  4348 | D:4      | Found an iron altar of Okawaru.
  4363 | D:4      | HP: 1/30 [Duvessa/+2 short sword of draining (2)]
  4387 | D:4      | Killed Duvessa
  4699 | D:4      | Noticed Pikel
  4723 | D:4      | Killed Pikel
  4724 | D:4      | Reached skill level 9 in Spellcasting
  4724 | D:4      | Reached XP level 7. HP: 19/41 MP: 15/21
  4897 | D:4      | Noticed Blork the orc
  4910 | D:4      | Killed Blork the orc
  4911 | D:4      | Reached XP level 8. HP: 38/46 MP: 21/23
  5064 | D:5      | Entered Level 5 of the Dungeon
  5101 | D:5      | Reached skill level 5 in Conjurations
  5104 | D:5      | Reached skill level 10 in Spellcasting
  5612 | D:5      | Found a glowing golden altar of the Shining One.
  5753 | D:5      | Noticed Prince Ribbit
  5757 | D:5      | Reached skill level 11 in Spellcasting
  5772 | D:5      | Killed Prince Ribbit
  5773 | D:5      | Reached XP level 9. HP: 47/50 MP: 12/26
  5990 | D:5      | Reached skill level 12 in Spellcasting
  6088 | D:5      | Found a broken altar of Ashenzari.
  6318 | D:6      | Found a sand-covered staircase.
  6323 | Ossuary  | Entered an ossuary
  6769 | Ossuary  | Reached skill level 13 in Spellcasting
  7545 | D:6      | Reached XP level 10. HP: 56/56 MP: 18/29
  8040 | D:7      | Reached skill level 14 in Spellcasting
  8170 | D:7      | Found Upemauss's Armour Boutique.
  8618 | D:7      | Found a corrupted altar of Lugonu.
  8618 | D:7      | Found a one-way gate to the infinite horrors of the Abyss.
  8769 | D:7      | Found a burning altar of Makhleb.
  8853 | D:7      | Found a staircase to the Ecumenical Temple.
  8860 | Temple   | Entered the Ecumenical Temple
  8909 | Temple   | Became a worshipper of Vehumet
  9082 | D:4      | Bought a scroll of magic mapping for 90 gold pieces
  9082 | D:4      | Bought a scroll of teleportation for 36 gold pieces
  9082 | D:4      | Bought a scroll of identify for 24 gold pieces
  9082 | D:4      | Bought a scroll of identify for 24 gold pieces
  9181 | D:8      | Reached skill level 1 in Earth Magic
  9387 | D:8      | Noticed a two-headed ogre
  9903 | D:8      | Reached * piety under Vehumet
  9903 | D:8      | Offered knowledge of Foxfire by Vehumet.
  9913 | D:8      | Killed a two-headed ogre
  9914 | D:8      | Reached skill level 15 in Spellcasting
  9917 | D:8      | Reached skill level 5 in Fighting
 10152 | D:9      | Noticed a two-headed ogre
 10190 | D:9      | Killed a two-headed ogre
 10273 | D:9      | Reached XP level 11. HP: 49/63 MP: 29/32
 10332 | D:9      | Found a staircase to the Orcish Mines.
 10621 | D:9      | Learned a level 1 spell: Foxfire
 10743 | D:9      | Noticed a tengu warrior
 10765 | D:9      | Killed a tengu warrior
 10766 | D:9      | Reached skill level 16 in Spellcasting
 10907 | D:9      | Found Comoaku's General Store.
 10915 | D:9      | Bought a potion of curing for 39 gold pieces
 10915 | D:9      | Bought a potion of curing for 39 gold pieces
 10915 | D:9      | Bought a potion of heal wounds for 65 gold pieces
 10915 | D:9      | Bought a scroll of teleportation for 39 gold pieces
 10915 | D:9      | Bought a scroll of identify for 26 gold pieces
 11099 | D:9      | Found a sacrificial altar of Ru.
 11109 | D:9      | Found a shimmering altar of Xom.
 11319 | D:10     | Entered Level 10 of the Dungeon
 11510 | D:10     | Found a sparkling altar of Nemelex Xobeh.
 11637 | D:10     | Learned a level 5 spell: Fireball
 11714 | D:10     | Noticed a two-headed ogre
 11719 | D:10     | Killed a two-headed ogre
 11720 | D:10     | Reached skill level 5 in Armour
 11720 | D:10     | Reached skill level 1 in Fire Magic
 12053 | D:11     | Noticed a two-headed ogre
 12058 | D:11     | Killed a two-headed ogre
 12323 | D:11     | Reached skill level 10 in Conjurations
 12524 | D:11     | Reached skill level 17 in Spellcasting
 12586 | D:11     | Reached ** piety under Vehumet
 12594 | D:11     | Offered knowledge of Shock by Vehumet.
 12772 | D:11     | Found a staircase to the Lair.
 13058 | D:11     | Found a portal to a secret trove of treasure.
 13063 | D:11     | Identified a scroll of acquirement
 13245 | D:11     | Found Buxtativ's Magic Scroll Emporium.
 13246 | D:11     | Noticed a two-headed ogre
 13250 | D:11     | Killed a two-headed ogre
 13314 | D:11     | Identified the +1 leather armour "Parulele" {*Slow +Inv
                  | rElec rCorr}
 13318 | D:11     | Bought a scroll of magic mapping for 120 gold pieces
 13393 | D:11     | Found a blossoming altar of Fedhas.
 13700 | D:11     | Noticed a white ugly thing
 13712 | D:11     | Killed a white ugly thing
 13850 | D:12     | Found Geobrohe's Distillery.
 13858 | D:12     | Reached XP level 12. HP: 68/68 MP: 29/35
 14224 | D:12     | Noticed a two-headed ogre
 14397 | D:12     | HP: 3/68 [slime creature (11)]
 14401 | D:12     | Offered knowledge of Dazzling Flash by Vehumet.
 14403 | D:12     | Reached skill level 18 in Spellcasting
 14403 | D:12     | Killed a two-headed ogre
 14580 | D:12     | Acquired 900 gold pieces
 14592 | D:12     | Reached skill level 5 in Fire Magic
 14769 | D:12     | Found a transporter.
 14915 | D:12     | Noticed a boulder beetle
 15064 | D:12     | Found a transporter.
 15528 | D:12     | Collided with a briar patch

Illustrated notes

Levels and vault maps discovered:
D:1:      onia_arrival_handbag, layout_loops_cross, minmay_split_cup_small
D:2:      wad_river_or_something, layout_basic, minmay_stone_trees_small
D:3:      layout_rooms, mainiacjoe_overflow_brackets, uniq_ijyb, uniq_natasha,
          uniq_robin
D:4:      layout_cave_pods, okawaru_ov_weapons_minmay, serial_park,
          serial_park_fountain, serial_park_square2, serial_shops,
          nicolae_diamond_shop, uniq_blork_the_orc, uniq_duvessa,
          uniq_crazy_yiuf_cottage, uniq_pikel
D:5:      nicolae_BIG_FREAKIN_CUBE, layout_cave_pools, lemuel_crystal_altar,
          nicolae_tso_swordbearing_angel, minmay_quadrilaterals,
          uniq_prince_ribbit1
D:6:      layout_layer_cave, nicolae_ossuary_entry_false_entrances,
          serial_bayou_lake_a
D:7:      layout_cave_pools, general_overflow_altar, minmay_temple_entry_arrows,
          serial_shops, shop, amcnicky_altar_lugonu_corruption
D:8:      layout_cave_pools, minmay_unpleasant_kobolds
D:9:      layout_basic, nicolae_overflow_squiral, serial_shops,
          nicolae_shop_crystal
D:10:     layout_rooms, nemelex_spade_bored_becter
D:11:     layout_basic, erik_lair_orcish_takeover, trove_entry_hex_spiral,
          serial_shops, nicolae_stop_n_shop_2, fedhas_bush_and_centaur_altar
D:12:     gammafunk_worm_tunnel, layout_gridville, special_room
          [special_room_orc], serial_shops, nicolae_stop_n_shop_2,
          nrook_mini_backslash, grunt_ministairs_2
Temple:   minmay_temple_curvy_branch

Skill      XL: |  1  2  3  4  5  6  7  8  9 10 11 12 |
---------------+-------------------------------------+-----
Spellcasting   | 5 6 9 11 13 15 17 18 | 18.3
Armour         | 1 3 4 5 6 |  6.0
Fighting       | 1 3 5 |  5.5
Conjurations   | 2 4 6 7 9 10 | 10.9
Poison Magic   | 1 |  1.0
Dodging        | 3 |  3.0
Air Magic      | 1 |  1.0
Stealth        | 3 |  3.0
Evocations     | 1 |  1.0
Earth Magic    | 1 |  1.0
Fire Magic     | 4 5 |  5.2
Summonings     | |  1.1
Translocations | |  1.1

Action                   |  1- 3 |  4- 6 |  7- 9 | 10-12 || total
-------------------------+-------+-------+-------+-------++-------
Melee: Dagger            |     2 |       |       |       ||     2
       Short sword       |       |    21 |       |       ||    21
       Mace              |       |    22 |   198 |   182 ||   402
       Punch             |       |       |     3 |     3 ||     6
 Cast: Magic Dart        |   129 |   123 |   155 |   186 ||   593
       Mephitic Cloud    |       |    12 |    30 |    41 ||    83
       Call Imp          |       |     3 |       |     7 ||    10
       Blink             |       |       |       |     6 ||     6
       Fireball          |       |       |       |    99 ||    99
       Foxfire           |       |       |       |    55 ||    55
Evoke: Wand              |       |     1 |       |       ||     1
  Use: Scroll            |       |       |       |    22 ||    22
       Potion            |       |       |       |     1 ||     1
 Stab: Confused          |       |     9 |    14 |    18 ||    41
       Sleeping          |       |       |     1 |       ||     1
       Distracted        |       |       |       |     1 ||     1
Armor: Robe              |     6 |     6 |       |       ||    12
       Leather armour    |       |     5 |    64 |    49 ||   118
       Troll leather arm |       |       |       |    22 ||    22
       Acid dragon scale |       |       |       |     1 ||     1
Dodge: Dodged            |    14 |    17 |   130 |   125 ||   286
Block: Other             |       |     5 |    39 |    57 ||   101
       Reflection        |       |     1 |       |     5 ||     6

Table legend: (Time is in decaauts)
 A = Elapsed time spent in this place.
 B = Non-inter-level travel time spent in this place.
 C = Inter-level travel time spent in this place.
 D = Time resting spent in this place.
 E = Time spent auto-exploring this place.
 F = Levels seen in this place.
 G = Mean time per level.
                   A        B        C        D        E       F      G
               +--------+--------+--------+--------+--------+-----+--------+
         Total |  15731 |  15211 |    520 |    993 |  11334 |  14 | 1123.6 |
       Dungeon |  15071 |  14572 |    499 |    993 |  11011 |  12 | 1255.9 |
        Temple |     71 |     50 |     21 |      0 |     39 |   1 |   71.0 |
       Ossuary |    588 |    588 |      0 |      0 |    284 |   1 |  588.0 |
               +--------+--------+--------+--------+--------+-----+--------+

Top non-repeatable levels by time:
    D:11: 2089 daAuts
     D:1: 1504 daAuts
     D:2: 1497 daAuts
    D:12: 1450 daAuts
     D:7: 1225 daAuts
     D:9: 1220 daAuts
     D:4: 1195 daAuts
     D:5: 1168 daAuts
     D:6: 1098 daAuts
     D:3: 1016 daAuts
     D:8: 901 daAuts
    D:10: 703 daAuts
 Ossuary: 588 daAuts
  Temple: 71 daAuts
